 Dungeon Crawl Stone Soup version 0.30-a0-862-g1aabd4f9c5 (webtiles) character file.

Game seed: 12017889757443311882

25 Kathy the Digger (level 3, 0/19 HPs)
             Began as a Gargoyle Earth Elementalist on Mar 8, 2023.
             Slain by a jackal (2 damage)
             ... on level 2 of the Dungeon.
             The game lasted 00:14:04 (596 turns).

Kathy the Digger (Gargoyle Earth Elementalist)       Turns: 596, Time: 00:14:05

Health: 0/19       AC:  6    Str: 11    XL:     3   Next: 6%
Magic:  3/6        EV: 12    Int: 17    God:
Gold:   46         SH:  0    Dex: 10    Spells: 5/6 levels left

rFire   . . .      SeeInvis .    d - +1 hand axe
rCold   . . .      Faith    .    (no shield)
rNeg    + . .      Spirit   .    a - +1 robe
rPois   ∞          Reflect  .    (no helmet)
rElec   +          Rampage  .    (no cloak)
rCorr   .                        (no gloves)
Will    .....                    (no boots)
Stlth   ++                       (no amulet)
HPRegen 0.23/turn                (no ring)
MPRegen 0.10/turn                (no ring)

@: about to teleport
A: sickness immunity, AC +3, negative energy resistance 1, electricity
resistance, torment resistance 1, petrification resistance
a: no special abilities


You were on level 2 of the Dungeon.
You visited 1 branch of the dungeon, and saw 2 of its levels.

You collected 46 gold pieces.

Inventory:

Hand Weapons
 c - a +0 club
 d - a +1 hand axe (weapon)
 e - a +0 war axe
 h - a +0 club
Armour
 a - a +1 robe (worn)
 b - a +0 chain mail
 i - a +0 ring mail


   Skills:
 + Level 0.5 Axes
 + Level 2.0 Dodging
 + Level 2.1 Stealth
 + Level 0.5 Unarmed Combat
 + Level 2.1 Spellcasting
 + Level 0.7 Transmutations
 * Level 4.2 Earth Magic


You had 5 spell levels left.
You knew the following spells:

 Your Spells              Type           Power      Damage    Failure   Level
a - Sandblast             Erth           32%        2d9       3%          1

Your spell library contained the following spells:

 Spells                   Type           Power      Damage    Failure   Level
 Passwall                 Tmut/Erth      8%         N/A       11%         2
 Stone Arrow              Conj/Erth      18%        3d8       24%         3
 Petrify                  Tmut/Erth      10%        N/A       56%         4


Dungeon Overview and Level Annotations

Branches:
Dungeon (2/15)

Altars:


Innate Abilities, Weirdness & Mutations

You are immune to sickness and miasma.
Your stone body is resilient. (AC +3)
You are immune to poison.
You resist negative energy. (rN+)
You are resistant to electric shocks. (rElec)
You are resistant to unholy torment.
You are immune to petrification.


Message History

The jackal bites you but does no damage.
The jackal barely misses you.
Casting: Sandblast (safe; 4% risk of failure)
Confirm with . or Enter, or press ? or * to list all spells.
Aiming: Sandblast (safe; 4% risk of failure)
Press: ? - help, Shift-Dir - straight line, f/p - kobold
Aim: a kobold, wielding a +0 whip, wearing a +0 leather armour and quivering stones (77% to hit)
The blast of sand hits the jackal.
You kill the jackal!
The jackal misses you. The jackal barely misses you.
The jackal bites you but does no damage.
The jackal barely misses you. The kobold hits you but does no damage.
You have reached level 3!
Your experience leads to an increase in your attributes!
Increase (S)trength, (I)ntelligence, or (D)exterity?
Uppercase letters only, please.
You feel clever. x2
You barely miss the kobold. You hit the jackal but do no damage.
You hit the jackal. The jackal closely misses you. The jackal misses you.
The jackal barely misses you. The kobold hits you with a +0 whip.
The jackal bites you but does no damage.
You hit the kobold.
You kill the kobold!
You miss the jackal. You closely miss the jackal. The jackal bites you. x3
* * * LOW HITPOINT WARNING * * *
You closely miss the jackal. x2; You hit the jackal.
The jackal bites you but does no damage.
The jackal misses you. The jackal barely misses you. The jackal bites you.
* * * LOW HITPOINT WARNING * * *
As you read the scroll of teleportation, it crumbles to dust.
You feel strangely unstable. The jackal misses you.
The jackal barely misses you.
The jackal bites you but does no damage.
The jackal barely misses you. x3
You hit the jackal.
The jackal is heavily wounded.
You closely miss the jackal. You barely miss the jackal. The jackal bites you.
* * * LOW HITPOINT WARNING * * *
The jackal bites you.
You die...

.# .# ##.##
...####...##
...'.......#
##...#
#...##
#h#..#
#@h.## ##h##
.# .# .# .#
.# .#


You could see 3 jackals.

Vanquished Creatures
  A worm (D:2)
  A dart slug (D:2)
  An endoplasm (D:2)
  2 giant cockroaches (D:1)
  A hobgoblin (D:1)
  A jackal (D:2)
  A quokka (D:2)
  3 ball pythons (D:1)
  2 bats
  A frilled lizard (D:2)
  2 goblins
  2 kobolds (D:2)
  2 rats
20 creatures vanquished.

Notes
Turn   | Place    | Note
-------+----------+-------------------------------------------
     0 | D:1      | Kathy the Gargoyle Earth Elementalist began the quest for
                  | the Orb.
     0 | D:1      | Reached XP level 1. HP: 10/10 MP: 3/3
   209 | D:1      | Reached skill level 4 in Earth Magic
   210 | D:1      | Reached XP level 2. HP: 7/15 MP: 1/5
   592 | D:2      | Reached XP level 3. HP: 11/19 MP: 2/6
   596 | D:2      | Slain by a jackal

Illustrated notes

Levels and vault maps discovered:
D:1:      tarquinn_simple_flora_water_f, layout_basic,
          chequers_serial_rivers_large_a, minmay_misc_feat_secret_circle
D:2:      layout_loops_corners, glass_columns_a

Skill      XL: |  1  2 |
---------------+-------+-----
Earth Magic    | 4 |  4.2
Dodging        | 2 |  2.0
Axes           | |  0.5
Stealth        | |  2.1
Unarmed Combat | |  0.5
Spellcasting   | |  2.1
Transmutations | |  0.7

Action                     || total
---------------------------++-------
  Melee: Hand axe          ||    28
         Unarmed           ||     9
   Cast: Sandblast         ||    23
    Use: Scroll            ||     5
         Potion            ||     1
 Armour: Robe              ||    38
  Dodge: Dodged            ||    76

Table legend: (Time is in decaauts)
 A = Elapsed time spent in this place.
 B = Non-inter-level travel time spent in this place.
 C = Inter-level travel time spent in this place.
 D = Time resting spent in this place.
 E = Time spent auto-exploring this place.
 F = Levels seen in this place.
 G = Mean time per level.
                   A        B        C        D        E       F      G
               +--------+--------+--------+--------+--------+-----+--------+
         Total |    614 |    332 |    282 |      0 |      0 |   2 |  307.0 |
       Dungeon |    614 |    332 |    282 |      0 |      0 |   2 |  307.0 |
               +--------+--------+--------+--------+--------+-----+--------+

Top non-repeatable levels by time:
     D:1: 400 daAuts
     D:2: 213 daAuts
